 Dungeon Crawl Stone Soup version 0.20-a0-256-gabb291d (webtiles) character file.

387 nubinia the Conjurer (level 6, -2/47 HPs)
             Began as a Draconian Conjurer on Dec 1, 2016.
             Was a Follower of Vehumet.
             Killed by divine providence
             ... invoked by an orc priest
              (15 damage)
             ... on level 4 of the Dungeon.
             The game lasted 00:14:43 (4170 turns).

nubinia the Conjurer (Draconian Conjurer)           Turns: 4170, Time: 00:14:44

Health: -2/47      AC:  6    Str: 10    XL:     6   Next: 49%
Magic:  6/10       EV: 12    Int: 18    God:    Vehumet [*.....]
Gold:   129        SH:  0    Dex: 11    Spells: 0/10 levels left

rFire  . . .     SeeInvis .     e - +2 short sword (flame)
rCold  . . .     Gourm    .     (armour unavailable)
rNeg   + . .     Faith    .     (no shield)
rPois  .         Spirit   .     (helmet restricted)
rElec  .         Reflect  .     (no cloak)
rCorr  .         Harm     .     (no gloves)
MR     .....                    (no boots)
Stlth  ++........               (no amulet)
                                (no ring)
                                m - ring of positive energy

@: no status effects
A: unfitting armour, cold-blooded, AC +6
a: Renounce Religion


You were on level 4 of the Dungeon.
You worshipped Vehumet.
Vehumet was aware of your devotion.
You were hungry.

You visited 1 branch of the dungeon, and saw 4 of its levels.

You collected 129 gold pieces.

Inventory:

Hand Weapons
 c - a +0 hand axe
 e - a +2 short sword of flaming (weapon)
Jewellery
 m - a ring of positive energy (left hand)
Scrolls
 h - a scroll of remove curse
 i - a scroll of magic mapping
 j - a scroll of teleportation
 k - a scroll of recharging
Potions
 f - 5 potions of curing
 g - a potion of mutation
Books
 a - a book of Conjurations

   Spells                             Type                      Level
   a - Magic Dart                     Conjuration                  1
   b - Searing Ray                    Conjuration                  2
   c - Dazzling Spray                 Conjuration/Hexes            3
   d - Fulminant Prism                Conjuration/Hexes            4
   e - Iskenderun's Mystic Blast      Conjuration                  4
   f - Iskenderun's Battlesphere      Conjuration/Charms           5
 l - a book of Minor Magic

   Spells                             Type                      Level
   a - Magic Dart                     Conjuration                  1
   b - Blink                          Translocation                2
   c - Call Imp                       Summoning                    2
   d - Repel Missiles                 Charms/Air                   2
   e - Slow                           Hexes                        2
   f - Conjure Flame                  Conjuration/Fire             3
   g - Mephitic Cloud                 Conjuration/Poison/Air       3
Comestibles
 b - 3 bread rations
 d - a beef jerky
 n - a chunk of flesh


   Skills:
 + Level 1.5 Fighting
 + Level 2.6 Short Blades
 + Level 2.6 Dodging
 + Level 2.9 Stealth
 + Level 2.9 Spellcasting
 * Level 5.3 Conjurations
 * Level 1.9 Air Magic


You couldn't memorise any spells.
You knew the following spells:

 Your Spells              Type           Power        Failure   Level  Hunger
a - Magic Dart            Conj           ###.         1%          1    None
b - Dazzling Spray        Conj/Hex       ##....       21%         3    ###....
c - Mephitic Cloud        Conj/Pois/Air  ##......     21%         3    ###....
d - Shock                 Conj/Air       ###.         4%          1    None
r - Repel Missiles        Chrm/Air       #.....       17%         2    ##.....


Dungeon Overview and Level Annotations

Branches:
Dungeon (4/15)
 Temple: D:4-7

Altars:
Cheibriados
Makhleb
Okawaru
Ru
Vehumet


Innate Abilities, Weirdness & Mutations

Your plain brown scales are hard. (AC +6)
You cannot fit into any form of body armour.
You are cold-blooded and may be slowed by cold attacks.


Message History

You kill the orc!
Vehumet accepts your kill.
You barely miss the orc. You barely miss the orc.
The orc hits you but does no damage.
You barely miss the orc. The orc hits you but does no damage.
The orc barely misses you.
An orc priest comes into view. It is wielding a club.
You closely miss the orc.
The orc priest shouts!
Your tail-slap misses the orc.
The orc priest looks braver for a moment.
The orc closely misses you. x2
The orc priest mumbles some strange prayers to Beogh against you.
Beogh smites you!
The orc priest mumbles some strange prayers to Beogh against you.
Beogh smites you!
* * * LOW HITPOINT WARNING * * *
The orc priest calls down the wrath of Beogh upon you.
Beogh smites you!
You die...

# ## .# # .. .#
######### #.. .#
#........
#..####.##
#.#######
###..#.....# #>#
...........#####.#
.......<.........#
.#.#.#.@...#######
#..o......#
#.##.......######
#.# #o...........#
#. #.......####.# .
##.......# #.# #
#...#########.#####
#o#................
#.###########.#####


You could see an orc priest and 2 orcs.

Vanquished Creatures
  An ogre (D:4)
  An orc priest (D:3)
  An iron imp (D:4)
  Terence (D:2)
  An orc wizard (D:3)
  A worker ant (D:4)
  Robin (D:2)
  6 adders
  3 oozes
  2 worms (D:2)
  A dart slug (D:1)
  2 leopard geckos
  9 orcs
  2 giant cockroaches (D:1)
  16 goblins
  9 hobgoblins
  A ball python (D:3)
  5 bats
  4 frilled lizards
  11 kobolds
  8 rats
86 creatures vanquished.

Notes
Turn   | Place    | Note
-------+----------+-------------------------------------------
     0 | D:1      | nubinia the Draconian Conjurer began the quest for the Orb.
     0 | D:1      | Reached XP level 1. HP: 14/14 MP: 3/3
   298 | D:1      | Reached XP level 2. HP: 20/20 MP: 1/5
   910 | D:2      | Found a sacrificial altar of Ru.
   961 | D:2      | Found a radiant altar of Vehumet.
   994 | D:2      | Noticed Robin
  1226 | D:2      | Reached XP level 3. HP: 24/27 MP: 1/6
  1239 | D:2      | Killed Robin
  1239 | D:2      | Reached skill level 1 in Short Blades
  1283 | D:2      | Became a worshipper of Vehumet
  1574 | D:2      | Reached XP level 4. HP: 34/34 MP: 3/7
  1625 | D:2      | Noticed Terence
  1658 | D:2      | Killed Terence
  1971 | D:2      | Found a faded altar of an unknown god.
  2061 | D:2      | Found a burning altar of Makhleb.
  2126 | D:2      | Found an iron altar of Okawaru.
  2489 | D:3      | Reached XP level 5. HP: 39/39 MP: 4/8
  2494 | D:3      | Learned a level 3 spell: Dazzling Spray
  2521 | D:3      | Reached * piety under Vehumet
  2521 | D:3      | Offered knowledge of Shock by Vehumet.
  2521 | D:3      | Reached skill level 1 in Fighting
  2524 | D:3      | Learned a level 1 spell: Shock
  2597 | D:3      | Learned a level 2 spell: Repel Missiles
  3224 | D:3      | Reached skill level 1 in Air Magic
  3477 | D:3      | Reached skill level 5 in Conjurations
  3676 | D:4      | Noticed an ogre
  3748 | D:4      | Killed an ogre
  3748 | D:4      | Reached XP level 6. HP: 17/47 MP: 0/10
  3833 | D:4      | Learned a level 3 spell: Mephitic Cloud
  4064 | D:4      | Found a snail-covered altar of Cheibriados.
  4170 | D:4      | Killed from afar by an orc priest

Vault maps used:
D:1:      dpeg_arrival_chase, minmay_fountain_box
D:2:      marbit_many_paths, vehumet_crystals, old_standard_altar,
          chequers_ecumenical_altar_grove, first_bread,
          okawaru_metal_pillars_1_2, uniq_robin, uniq_terence
D:4:      chei_slow_surprise

Skill      XL: |  1  2  3  4  5 |
---------------+----------------+-----
Stealth        | 2 |  2.9
Short Blades   | 1 2 |  2.6
Dodging        | 2 |  2.6
Fighting       | 1 |  1.5
Air Magic      | 1 |  1.9
Conjurations   | 5 |  5.3
Spellcasting   | |  2.9

Action                   |  1- 3 |  4- 6 || total
-------------------------+-------+-------++-------
Melee: Short sword       |    52 |   134 ||   186
       Hand axe          |     3 |       ||     3
       Tailslap          |     1 |     9 ||    10
 Cast: Magic Dart        |    37 |   100 ||   137
       Shock             |       |     3 ||     3
       Repel Missiles    |       |     1 ||     1
       Dazzling Spray    |       |     1 ||     1
  Use: Potion            |     1 |       ||     1
       Scroll            |       |     7 ||     7
 Stab: Sleeping          |     4 |     3 ||     7
  Eat: Chunk             |     3 |     8 ||    11
Armor: Skin              |    12 |    33 ||    45
Dodge: Dodged            |    37 |    65 ||   102
       Deflected         |       |     1 ||     1
